 Dungeon Crawl Stone Soup version 0.28.0-47-ge53b351184 (webtiles) character file.

Game seed: 18304954003119036603

298 GigaChad the Covered (level 6, 0/53 HPs)
             Began as a Minotaur Fighter on Apr 26, 2022.
             Was an Initiate of Ashenzari.
             Slain by a lemure (2 damage)
             ... led by Pikel
             ... on level 4 of the Dungeon.
             The game lasted 00:09:18 (2745 turns).

GigaChad the Covered (Minotaur Fighter)             Turns: 2745, Time: 00:09:19

Health: 0/53       AC:  7    Str: 21    XL:     6   Next: 13%
Magic:  5/5        EV:  9    Int:  5    God:    Ashenzari [......]
Gold:   106        SH:  5    Dex: 11    Spells: 5/5 levels left

rFire   . . .      SeeInvis .   a - +0 long sword of the Cursed Orthodoxy {Alch, Range} (curse)
rCold   . . .      Faith    .   c - +0 buckler
rNeg    . . .      Spirit   .   b - +0 scale mail
rPois   .          Reflect  .   (helmet restricted)
rElec   .          Harm     .   (no cloak)
rCorr   .          Rampage  .   (no gloves)
Will    .....                   (no boots)
Stlth   ..........              (no amulet)
HPRegen 0.17/turn               (no ring)
MPRegen 0.09/turn               (no ring)

@: no status effects
A: horns 2, retaliatory headbutt
a: Renounce Religion, Curse Item, Shatter the Chains


You were on level 4 of the Dungeon.
You worshipped Ashenzari.
Ashenzari was noncommittal.
You visited 1 branch of the dungeon, and saw 4 of its levels.

You collected 106 gold pieces.

Inventory:

Hand Weapons
 a - the cursed +0 long sword of the Cursed Orthodoxy (weapon) {Alch, Range}

   It has a curse which improves the following skills: Alchemy: Poison Magic and
   Transmutations.
   Ranged Combat: Slings, Bows, Crossbows and Throwing.
 r - a +0 hand axe
 s - a +2 hand axe of flaming
 t - a +2 trident of flaming
Missiles
 l - 6 javelins (quivered)
Armour
 b - a +0 scale mail (worn)
 c - a +0 buckler (worn)
 e - a scarf of invisibility
 h - a scarf of harm
 n - a +0 robe of positive energy
Jewellery
 g - an amulet of guardian spirit
Scrolls
 i - 3 scrolls of identify {unknown}
 j - a scroll of noise {unknown}
 k - a scroll of brand weapon {unknown}
 m - a scroll of enchant weapon {unknown}
Potions
 d - a potion of might
 f - a potion of invisibility {unknown}
 o - a potion of lignification {unknown}
 p - a potion of mutation {unknown}
 q - a potion of degeneration {unknown}
 u - a potion of cancellation {unknown}


   Skills:
 + Level 4.7 Fighting
 + Level 4.8 Long Blades
 + Level 5.5 Armour
 + Level 1.0 Dodging
 + Level 0.3 Stealth
 + Level 4.6 Shields


You had 5 spell levels left.
You didn't know any spells.
Your spell library was empty.

Dungeon Overview and Level Annotations

Branches:
Dungeon (4/15)
 Temple: D:4-7

Altars:
Ashenzari
Yredelemnul

Annotations:
D:4 Pikel


Innate Abilities, Weirdness & Mutations

You have a pair of horns on your head.
You reflexively headbutt those who attack you in melee.


Message History

You slash the adder!
You kill the adder!
A lemure comes into view.
Ashenzari invites you to partake of a vision and a curse of elements and companions.
You barely miss the lemure.
The lemure shouts!
You headbutt the lemure!
The lemure is moderately wounded.
The lemure closely misses you. You furiously retaliate!
You headbutt the lemure. The lemure hits you! The lemure hits you.
You closely miss the lemure. Your headbutt misses the lemure.
The lemure is heavily wounded.
A lemure comes into view.
The lemure hits you!
The lemure shouts!
You hit the lemure but do no damage.
The lemure is heavily wounded.
The lemure barely misses you.
You closely miss the lemure. Your headbutt misses the lemure.
The lemure is heavily wounded.
Pikel hits you with a +1 whip of flaming.
* * * LOW HITPOINT WARNING * * *
Pikel burns you.
* * * LOW HITPOINT WARNING * * *
The lemure hits you but does no damage.
Pikel hits you with a +1 whip of flaming.
* * * LOW HITPOINT WARNING * * *
Pikel burns you.
* * * LOW HITPOINT WARNING * * *
The lemure hits you.
* * * LOW HITPOINT WARNING * * *
The lemure hits you but does no damage. The lemure hits you.
* * * LOW HITPOINT WARNING * * *
Found 5 gold pieces.
Found 26 bolts.
The lemure hits you but does no damage.
You see here 5 gold pieces.
The lemure hits you.
You die...

..............#
..............#
..............#
..............# .
..............# ..
.........5....#...
.................
.##.....555..#...
.......@$K.......
..............###
##...........##
##........###
###......#
###..... ......#
#..#..(.


You could see Pikel and 4 lemures.

Vanquished Creatures
  Blork the orc (D:4)
  The ghost of falhazar the Grasshopper, a weakling TrWr of Uskayaw (D:3)
  A howler monkey (D:3)
  An orc priest (D:3)
  3 gnolls (D:3)
  3 adders
  2 worms (D:2)
  8 orcs (D:3)
  6 endoplasms
  4 giant cockroaches (D:2)
  3 goblins
  4 hobgoblins
  3 ball pythons
  9 bats
  3 kobolds
  7 rats
59 creatures vanquished.

Notes
Turn   | Place    | Note
-------+----------+-------------------------------------------
     0 | D:1      | GigaChad the Minotaur Fighter began the quest for the Orb.
     0 | D:1      | Reached XP level 1. HP: 19/19 MP: 0/0
   430 | D:2      | Found a broken altar of Ashenzari.
   444 | D:2      | Became a worshipper of Ashenzari the Shackled
   466 | D:2      | Reached XP level 2. HP: 4/27 MP: 1/1
   965 | D:2      | Reached XP level 3. HP: 19/33 MP: 2/2
  1110 | D:2      | Reached skill level 4 in Armour
  1639 | D:3      | Reached XP level 4. HP: 22/39 MP: 3/3
  1978 | D:3      | Reached XP level 5. HP: 36/46 MP: 4/4
  1979 | D:3      | Noticed falhazar's ghost (weakling TrWr)
  1985 | D:3      | Found a runed translucent door.
  2031 | D:3      | Killed falhazar's ghost
  2032 | D:3      | Reached skill level 5 in Armour
  2174 | D:3      | Found a basalt altar of Yredelemnul.
  2670 | D:4      | Noticed Blork the orc
  2684 | D:4      | Killed Blork the orc
  2685 | D:4      | Reached skill level 1 in Dodging
  2685 | D:4      | Reached XP level 6. HP: 34/53 MP: 5/5
  2724 | D:4      | Noticed Pikel
  2735 | D:4      | HP: 1/53 [lemure[Pikel] (6)]
  2745 | D:4      | Slain by a lemure

Illustrated notes

Levels and vault maps discovered:
D:1:      saegor_arrival_simple_c, layout_basic
D:2:      kb_forest_paths, layout_basic, basic_altar
D:3:      minmay_wonky_spiral, layout_loops_ring, yredelemnul_altar_generic,
          hellmonk_ghost_happy_afterlife, roderic_malta_cross,
          ebering_dispersal_statue_hall, kennysheep_jessica_study
D:4:      layout_cave_pods, serial_rivers, chequers_serial_rivers_micro_d,
          chequers_serial_rivers_micro_e, chequers_serial_rivers_small_a,
          chequers_serial_rivers_room_a, chequers_serial_rivers_micro_a,
          uniq_grinder, uniq_blork_the_orc, uniq_pikel, uniq_eustachio

Skill      XL: |  1  2  3  4  5 |
---------------+----------------+-----
Fighting       | 4 |  4.7
Shields        | 4 |  4.6
Long Blades    | 3 4 |  4.8
Armour         | 4 5 |  5.5
Dodging        | 1 |  1.0
Stealth        | |  0.3

Action                   |  1- 3 |  4- 6 || total
-------------------------+-------+-------++-------
Melee: Long sword        |    76 |    57 ||   133
       Headbutt          |     8 |     8 ||    16
Invok: Curse Item        |     1 |       ||     1
  Use: Scroll            |       |     3 ||     3
Armor: Scale mail        |    60 |    16 ||    76
Dodge: Dodged            |    68 |    24 ||    92
Block: Buckler           |    33 |    15 ||    48
